 Dungeon Crawl Stone Soup version 0.26.1-11-gd32895ea62 (webtiles) character file.

Game seed: 14061825138020480065

171 Zeld the Chopper (level 5, -10/47 HPs)
             Began as a Hill Orc Monk on June 11, 2021.
             Was a Believer of Beogh.
             Killed by nerve-wracking pain
             ... invoked by Grinder
              (12 damage)
             ... while paralysed by Grinder
             ... on level 3 of the Dungeon.
             The game lasted 00:05:56 (4638 turns).

Zeld the Chopper (Hill Orc Monk)                    Turns: 4638, Time: 00:05:57

Health: -10/47     AC:  2    Str: 15    XL:     5   Next: 51%
Magic:  5/5        EV:  2    Int: 10    God:    Beogh [**....]
Gold:   110        SH:  0    Dex: 13    Spells: 4/4 levels left

rFire    . . .     SeeInvis .   a - +0 hand axe
rCold    . . .     Faith    .   (no shield)
rNeg     . . .     Spirit   .   b - +0 robe
rPois    .         Reflect  .   (no helmet)
rElec    .         Harm     .   (no cloak)
rCorr    .         Rampage  .   (no gloves)
Will     .....                  (no boots)
Stlth    ++........             (no amulet)
HPRegen  0.15/turn              (no ring)
MPRegen  0.09/turn              (no ring)

@: paralysed
A: no striking features
a: Renounce Religion, Smiting


You were on level 3 of the Dungeon.
You worshipped Beogh.
Beogh was pleased with you.
You visited 1 branch of the dungeon, and saw 3 of its levels.

You collected 110 gold pieces.

Inventory:

Hand Weapons
 a - a +0 hand axe (weapon)
Armour
 b - a +0 robe (worn)
Jewellery
 l - a cursed ring of attention {unknown}
 m - an uncursed ring of positive energy {unknown}
 n - an uncursed ring of magical power {unknown}
 r - a +6 ring of dexterity {unknown}
Scrolls
 d - 3 scrolls of noise {unknown}
 e - a scroll of fear {unknown}
 f - 4 scrolls of identify {unknown}
 g - 2 scrolls of immolation {unknown}
 i - a scroll of teleportation {unknown}
 k - a scroll of amnesia {unknown}
 o - 4 scrolls of fog {unknown}
 s - a scroll of enchant weapon {unknown}
 t - a scroll of enchant armour {unknown}
Potions
 c - 2 potions of lignification {unknown}
 h - a potion of berserk rage {unknown}
 j - 2 potions of heal wounds {unknown}
 p - a potion of might {unknown}
 q - a potion of mutation {unknown}


   Skills:
 + Level 4.5 Fighting
 * Level 5.9 Axes
 + Level 3.1 Dodging
 + Level 2.5 Stealth


You had 4 spell levels left.
You didn't know any spells.
Your spell library was empty.

Dungeon Overview and Level Annotations

Branches:
Dungeon (3/15)

Altars:
Gozag
Vehumet

Annotations:
D:3 Grinder


Message History

You shrug off the repeated paralysis!
You can move again.
Unknown command.
Grinder hits you but does no damage.
You see here a quokka corpse.
Grinder gestures at you. Pain shoots through your body!
* * * LOW HITPOINT WARNING * * *
Grinder gestures at you. Pain shoots through your body!
* * * LOW HITPOINT WARNING * * *
An orc comes into view. It is wielding a +0 dagger.
Grinder says, "Just stop there for a second..."
Grinder gestures at you.
You suddenly lose the ability to move!
Grinder says, "Don't move a muscle."
The orc shouts!
Grinder gestures at you. Pain shoots through your body!
You die...

#..####.##(#### #.......#
#........#.# #.#######
#.#####..#.# #.# #..#.# #.#
#..#)# #.# #..#.# #†# #..#<#
#.# #.#####.o#.# #.#
#.........@### #5#
######.......# #.#
#########().###.####.#
.........<(.# #.5....# ####
..........(.###############...
###########((.......[.......##
###################


You could see Grinder and an orc.

Vanquished Creatures
  4 gnolls
  3 adders
  An ooze (D:1)
  5 worms (D:2)
  4 dart slugs
  3 leopard geckos (D:2)
  6 orcs (D:3)
  10 bats
  2 giant cockroaches (D:1)
  5 goblins
  3 hobgoblins
  8 kobolds
  3 quokkas
  10 frilled lizards
  9 rats
76 creatures vanquished.

Vanquished Creatures (others)
  An orc priest (D:3)
  4 orcs (D:3)
  A goblin (D:3)
6 creatures vanquished.

Grand Total: 82 creatures vanquished

Notes
Turn   | Place    | Note
-------+----------+-------------------------------------------
     0 | D:1      | Zeld the Hill Orc Monk began the quest for the Orb.
     0 | D:1      | Reached XP level 1. HP: 19/19 MP: 1/1
   136 | D:1      | Reached XP level 2. HP: 17/27 MP: 2/2
   585 | D:1      | Reached XP level 3. HP: 24/33 MP: 3/3
  1630 | D:2      | Reached skill level 5 in Axes
  1923 | D:2      | Reached XP level 4. HP: 35/40 MP: 4/4
  2092 | D:2      | Found a radiant altar of Vehumet.
  2092 | D:2      | Found an opulent altar of Gozag.
  2773 | D:3      | Became a worshipper of Beogh the Brigand
  2773 | D:3      | Reached * piety under Beogh
  2773 | D:3      | Reached ** piety under Beogh
  2996 | D:3      | HP: 2/41 [poisoned by an adder]
  3004 | D:3      | HP: 1/41 [poisoned by an adder]
  3624 | D:3      | Noticed Grinder
  3675 | D:3      | Reached XP level 5. HP: 42/47 MP: 5/5
  4604 | D:3      | Paralysed by Grinder for 5 turns
  4612 | D:3      | Paralysed by Grinder for 6 turns
  4628 | D:3      | HP: 1/47 [Grinder/nerve-wracking pain (2)]
  4636 | D:3      | Paralysed by Grinder for 3 turns
  4638 | D:3      | Killed from afar by Grinder

Illustrated notes

Levels and vault maps discovered:
D:1:      matt_arrival_spirals, layout_basic
D:2:      layout_rooms, gammafunk_temple_overflow_pools
D:3:      layout_loops_ring, uniq_grinder

Skill      XL: |  1  2  3  4  5 |
---------------+----------------+-----
Fighting       | 4 |  4.5
Stealth        | 2 |  2.5
Axes           | 5 |  5.9
Dodging        | 3 |  3.1

Action                   |  1- 3 |  4- 6 || total
-------------------------+-------+-------++-------
Melee: Hand axe          |   141 |   135 ||   276
Invok: Convert to Beogh  |       |     1 ||     1
 Stab: Sleeping          |     3 |     4 ||     7
       Distracted        |       |     1 ||     1
Armor: Robe              |    35 |    15 ||    50
Dodge: Dodged            |    95 |    77 ||   172
